Kradschützen Motorcycle Team
Selects Panzerjäger Kommand Battlegroup
Construct Light Support Kompanie
Construct Mechanized Kompanie
Panzerjäger Mechanized Group
18-tonne Recovery Half-track
Selects Defensive Positions
Selects Butterfly Bomb Drop
le.IG 18 Support Gun Team
Construct Panzerarmee Kommand
Walking Stuka Rocket Launcher
Selects Crew Shock Tactics
Walking Stuka Rocket Launcher
Selects Elefant Tank Destroyer